 Dungeon Crawl Stone Soup version 0.22-a0-377-g846bec1 (webtiles) character file.

75 aspa the Ruffian (level 4, 0/35 HPs)
             Began as a Draconian Transmuter on Apr 27, 2018.
             Succumbed to an orc wizard's poison
             ... on level 3 of the Dungeon.
             The game lasted 00:05:24 (1143 turns).

aspa the Ruffian (Draconian Transmuter)             Turns: 1143, Time: 00:05:25

Health: 0/35       AC:  6    Str: 18    XL:     4   Next: 11%
Magic:  7/7        EV: 12    Int: 14    God:
Gold:   115        SH:  0    Dex: 11    Spells: 6/7 levels left

rFire    . . .     SeeInvis .   b - +1 spear (pierce)
rCold    . . .     Gourm    .   (no shield)
rNeg     + . .     Faith    .   (armour unavailable)
rPois    .         Spirit   .   (helmet restricted)
rElec    .         Reflect  .   (no cloak)
rCorr    .         Harm     +   k - +0 pair of gloves
MR       .....                  (no boots)
Stlth    ..........             o - amulet of harm
HPRegen  0.11/turn              h - ring of positive energy
MPRegen  0.10/turn              n - ring of loudness (curse)

@: mighty, lethally poisoned (0 -> -12)
A: unfitting armour, cold-blooded, AC +5
a: no special abilities


You were on level 3 of the Dungeon.
You were not hungry.

You visited 1 branch of the dungeon, and saw 3 of its levels.

You collected 115 gold pieces.

Inventory:

Hand Weapons
 a - a +0 dagger of protection
 b - a +1 spear of piercing (weapon)
 r - a +1 whip of freezing
Missiles
 j - 12 arrows
Armour
 k - a +0 pair of gloves (worn)
Jewellery
 h - a ring of positive energy (left hand)
 n - a cursed ring of loudness (right hand)
 o - an amulet of harm (around neck)
Scrolls
 d - a scroll of teleportation {unknown}
 l - 2 scrolls of immolation {unknown}
 m - a scroll of enchant armour {unknown}
 p - 5 scrolls of identify {unknown}
 q - a scroll of fear {unknown}
Potions
 g - a potion of cancellation
Comestibles
 c - 3 rations
 f - 8 chunks of flesh


   Skills:
 + Level 1.1 Fighting
 + Level 0.3 Polearms
 + Level 2.3 Dodging
 + Level 4.1 Unarmed Combat
 + Level 2.4 Spellcasting
 + Level 2.3 Transmutations


You had 6 spell levels left.
You knew the following spells:

 Your Spells              Type           Power        Failure   Level  Hunger
a - Beastly Appendage     Tmut           #.....       9%          1    #......


Dungeon Overview and Level Annotations

Branches:
Dungeon (3/15)

Altars:


Innate Abilities, Weirdness & Mutations

Your plain brown scales are hard. (AC +5)
You cannot fit into any form of body armour.
You are cold-blooded and may be slowed by cold attacks.


Message History

This spell is slightly dangerous to cast.
Memorise Spider Form, consuming 3 spell levels and leaving 2?
The rat bites you but does no damage.
Your memorisation is interrupted.
Something hits you but does no damage.
You are more poisoned.
You are too injured to fight recklessly!
You barely miss the rat.
* * * LOW HITPOINT WARNING * * *
You feel sick. The rat barely misses you. Something barely misses you.
You puncture the rat!
You kill the rat!
* * * LOW HITPOINT WARNING * * *
You feel sick. Something hits you.
* * * LOW HITPOINT WARNING * * *
You puncture the orc priest!
You kill the orc priest!
Your Unarmed Combat skill increases to level 4!
You have reached level 4!
You feel stronger.
You die...

#.........###.
#.............#
#......)....#..
#..............
#..............
#......>..........
#..................
#......{..#...>.....
#......@).#.........
#.........#.........
###...##..#.........
###.##..#.#......
#.##........#
###..........##
####............#
#...............#
#..............<#


There were no monsters in sight!

Vanquished Creatures
  An orc priest (D:3)
  An ooze (D:1)
  A worm (D:2)
  A dart slug (D:1)
  An orc (D:3)
  2 giant cockroaches
  3 hobgoblins
  2 jackals (D:3)
  4 kobolds
  A quokka (D:2)
  2 bats
  5 frilled lizards
  7 goblins
  6 rats
37 creatures vanquished.

Notes
Turn   | Place    | Note
-------+----------+-------------------------------------------
     0 | D:1      | aspa the Draconian Transmuter began the quest for the Orb.
     0 | D:1      | Reached XP level 1. HP: 16/16 MP: 3/3
   114 | D:1      | Reached XP level 2. HP: 22/23 MP: 3/5
   657 | D:2      | Found a faded altar of an unknown god.
   667 | D:2      | Reached XP level 3. HP: 28/28 MP: 6/6
  1136 | D:3      | HP: 1/28 [orc priest/divine providence (18)]
  1142 | D:3      | HP: 1/28 [something (1)]
  1143 | D:3      | Reached skill level 4 in Unarmed Combat
  1143 | D:3      | Reached XP level 4. HP: 1/35 MP: 7/7
  1143 | D:3      | Succumbed to an orc wizard's poison

Vault maps used:
D:1:      roderic_chinese_lattice_arrival
D:2:      chequers_ecumenical_altar_simple_redux
D:3:      corexii_leaking_fountain, uniq_natasha

Skill      XL: |  1  2  3 |
---------------+----------+-----
Dodging        | 2 |  2.3
Unarmed Combat | 4 |  4.1
Fighting       | |  1.1
Polearms       | |  0.3
Spellcasting   | |  2.4
Transmutations | |  2.3

Action                   |  1- 3 |  4- 6 || total
-------------------------+-------+-------++-------
Melee: Unarmed           |    58 |       ||    58
       Tailslap          |     7 |       ||     7
       Headbutt          |     3 |       ||     3
       Spear             |    56 |       ||    56
       Kick              |     1 |       ||     1
       Punch             |     1 |       ||     1
 Cast: Beastly Appendage |     5 |       ||     5
  Use: Potion            |     3 |       ||     3
  Eat: Chunk             |     1 |       ||     1
Armor: Skin              |    27 |       ||    27
Dodge: Dodged            |    54 |       ||    54

Table legend:
 A = Spawn XP
 B = Non-spawn XP
 C = Spawn XP percentage of total XP
 D = Spawn monster count
 E = Non-spawn monster count
 F = Spawn count percentage of total count
 G = Total turns spent on level
                    A         B        C        D         E        F      G
               +---------+---------+-------+---------+---------+-------+---------
         Total |       0 |     108 |   0.0 |       0 |      37 |   0.0 |  1143
               +---------+---------+-------+---------+---------+-------+---------
           D:1 |       0 |      31 |   0.0 |       0 |      16 |   0.0 |   519
           D:2 |       0 |      24 |   0.0 |       0 |      14 |   0.0 |   496
           D:3 |       0 |      53 |   0.0 |       0 |       7 |   0.0 |   128
               +---------+---------+-------+---------+---------+-------+---------
